 Dungeon Crawl Stone Soup version 0.26.1 (webtiles) character file.

Game seed: 10716036582681939041

100 Electrofox the Chopper (level 5, 0/41 HPs)
             Began as a Formicid Abyssal Knight on Feb 6, 2021.
             Was a Believer of Lugonu.
             Killed by divine providence
             ... invoked by an orc priest
              (14 damage)
             ... on level 3 of the Dungeon.
             The game lasted 00:14:39 (2427 turns).

Electrofox the Chopper (Formicid Abyssal Knight)    Turns: 2427, Time: 00:14:40

Health: 0/41       AC:  3    Str: 17    XL:     5   Next: 3%
Magic:  6/6        EV: 11    Int: 12    God:    Lugonu [**....]
Gold:   131        SH:  0    Dex: 10    Spells: 4/4 levels left

rFire    + . .     SeeInvis +   a - +1 hand axe
rCold    + . .     Faith    .   (no shield)
rNeg     . . .     Spirit   .   b - +0 leather armour
rPois    .         Reflect  .   (helmet unavailable)
rElec    .         Harm     .   p - scarf {rC+ rF+}
rCorr    .         Rampage  .   (no gloves)
Will     .....                  (no boots)
Stlth    +.........             (no amulet)
HPRegen  0.13/turn              (no ring)
MPRegen  0.10/turn              (no ring)

@: no status effects
A: permanent stasis, dig shafts and tunnels, four strong arms, antennae 3
a: Dig, Shaft Self, Renounce Religion, Depart the Abyss, Bend Space


You were on level 3 of the Dungeon.
You worshipped Lugonu.
Lugonu was pleased with you.
You visited 1 branch of the dungeon, and saw 3 of its levels.
You visited the Abyss 1 time.

You collected 131 gold pieces.

Inventory:

Hand Weapons
 a - a +1 hand axe (weapon)
Missiles
 q - 12 stones (quivered)
Armour
 b - a +0 leather armour (worn)
 c - a +0 leather armour
 f - a cursed +0 pair of boots
 p - a scarf of resistance (worn)
 r - a +0 ring mail
 s - a +0 scale mail
Jewellery
 n - an uncursed ring of poison resistance {unknown}
Scrolls
 h - 2 scrolls of fog {unknown}
 i - a scroll of blinking {unknown}
 j - 2 scrolls of identify
 k - 2 scrolls of fear {unknown}
 m - 2 scrolls of magic mapping {unknown}
Potions
 d - 4 potions of heal wounds
 e - 2 potions of curing {unknown}
 g - a potion of cancellation {unknown}
 l - a potion of haste {unknown}
 o - 2 potions of ambrosia {unknown}


   Skills:
 - Level 3.6 Fighting
 + Level 4.5 Axes
 - Level 2.2 Armour
 - Level 0.8 Dodging
 - Level 0.2 Stealth
 - Level 2.2 Invocations


You had 4 spell levels left.
You didn't know any spells.
Your spell library was empty.

Dungeon Overview and Level Annotations

Branches:
Dungeon (3/15)

Altars:
Nemelex Xobeh


Innate Abilities, Weirdness & Mutations

You cannot be hasted, slowed, berserked, paralysed or teleported.
You can dig through walls and to a lower floor.
Your four strong arms can wield two-handed weapons with a shield.
You have a pair of large antennae on your head. (SInv)


Message History

You closely miss the orc priest.
The orc priest is moderately wounded.
The orc priest misses you.
You hit the orc priest but do no damage.
The orc priest is lightly wounded.
The orc priest barely misses you.
You barely miss the orc priest.
The orc priest is lightly wounded.
The orc priest hits you with a +0 dagger.
You hit the orc priest but do no damage.
The orc priest is lightly wounded.
The orc priest closely misses you.
You hit the orc priest but do no damage.
The orc priest is lightly wounded.
The orc priest barely misses you.
You slash the orc priest!
The orc priest is severely wounded.
The orc priest invokes the aid of Beogh against you.
Beogh smites you!
You die...

#.......#
##...##.#
##{###.#
#####.#
#######.....#
..........###
#######.#.#
#.#.#
#.#@#######
#.#.o.....#
#.#######.#
#.# #.# #.#
#.# #.# #.#
#.#### #.#
#....# #)#
####.# #<#


You could see an orc priest.

Vanquished Creatures
  An adder (D:2)
  An ooze (D:1)
  A worm (D:2)
  4 dart slugs
  2 leopard geckos (D:2)
  An orc (D:3)
  8 bats
  A giant cockroach (D:1)
  6 goblins
  7 hobgoblins
  12 jackals
  A quokka (D:2)
  A ball python (D:1)
  7 frilled lizards
  7 kobolds
  8 rats
68 creatures vanquished.

Notes
Turn   | Place    | Note
-------+----------+-------------------------------------------
     0 | Abyss:1  | Electrofox the Formicid Abyssal Knight began the quest for
                  | the Orb.
     0 | Abyss:1  | Reached XP level 1. HP: 18/18 MP: 2/2
    23 | D:1      | Escaped the Abyss
   244 | D:1      | Reached * piety under Lugonu
   245 | D:1      | Reached XP level 2. HP: 18/24 MP: 3/3
   338 | D:1      | Reached XP level 3. HP: 16/29 MP: 4/4
   460 | D:1      | Reached skill level 3 in Axes
   542 | D:1      | Found a sparkling altar of Nemelex Xobeh.
  1355 | D:2      | Reached XP level 4. HP: 30/36 MP: 5/5
  1407 | D:2      | Reached ** piety under Lugonu
  1669 | D:2      | Reached skill level 4 in Axes
  2277 | D:3      | Reached XP level 5. HP: 32/41 MP: 6/6
  2427 | D:3      | Killed from afar by an orc priest

Illustrated notes

Levels and vault maps discovered:
D:1:      lemuel_arrival_river_ford, layout_basic, minivault_24,
          nemelex_altar_shiori
D:2:      layout_rooms
D:3:      layout_loops_ring

Skill      XL: |  1  2  3  4 |
---------------+-------------+-----
Axes           | 3 4 |  4.5
Fighting       | |  3.6
Armour         | |  2.2
Dodging        | |  0.8
Stealth        | |  0.2
Invocations    | |  2.2

Action                   |  1- 3 |  4- 6 || total
-------------------------+-------+-------++-------
Melee: Hand axe          |    96 |   116 ||   212
Throw: Stone             |     5 |       ||     5
Invok: Depart the Abyss  |     1 |       ||     1
       Bend Space        |       |     1 ||     1
  Use: Scroll            |       |     1 ||     1
 Stab: Sleeping          |       |     1 ||     1
Armor: Leather armour    |    28 |    16 ||    44
Dodge: Dodged            |    52 |    69 ||   121
